 Dungeon Crawl Stone Soup version 0.31-a0-360-gb3e1d13bf4 (webtiles) character file.

Game seed: 10166694887983

669013 drugrobin the Cryomancer (level 26, -7/251 HPs)
             Began as a Demigod Delver on July 26, 2023.
             Killed from afar by an ophan (37 damage)
             ... with a bolt of fire
             ... in Pandemonium on July 27, 2023.
             The game lasted 07:28:51 (87492 turns).

drugrobin the Cryomancer (Demigod Delver)          Turns: 87492, Time: 07:28:51

Health: -7/251     AC: 37    Str: 25    XL:     26   Next: 39%
Magic:  7/47       EV: 19    Int: 35    God:
Gold:   8816       SH: 10    Dex: 24    Spells: 4/53 levels left

rFire   . . .        a - +9 demon whip (spect)
rCold   + + +        B - +3 warlock's mirror {omnireflect}
rNeg    . . .        v - +3 shadow dragon scales of the Slorg {rElec rC++ Slay+2 Stlth++++}
rPois   +            T - +2 helmet
rElec   +            P - +2 cloak {rCorr}
rCorr   +            m - +0 pair of gloves {Stlth+}
SInv    +            E - +5 pair of boots of the Snail {Regen+ Dex+3 Stlth+}
Will    +++..        J - amulet of Xappusaz {RegenMP rPois rC+ SInv}
Stlth   +++          N - ring of Bogaeklo {Wiz Will+}
HPRegen 1.41/turn    D - ring "Opozeex" {Drain rElec rC+ Int+3 Dex+6}
MPRegen 0.70/turn

%: reflection, wizardry (x1)
@: about to teleport, on blink cooldown, very slightly contaminated, glowing,
studying 3 skills
A: high MP 1, forlorn, divine attributes
}: 4/15 runes: decaying, serpentine, abyssal, demonic
a: no special abilities


You were in Pandemonium.
You visited 12 branches of the dungeon, and saw 54 of its levels.
You visited Pandemonium 1 time, and saw 3 of its levels.
You visited the Abyss 1 time.
You also visited: Trove, Ice Cave, Wizlab and Desolation.

You collected 9811 gold pieces.
You spent 995 gold pieces at shops.

Inventory:

Hand Weapons
 a - a +9 spectral demon whip (weapon)
 c - the +11 eveningstar "Lifebane" {pain, Dex+3}
   (You acquired it on level 4 of the Vaults)

   Dex:       It affects your dexterity (+3).
 S - a +4 sacred scourge of holy wrath
Missiles
 C - 15 boomerangs (quivered)
 V - 14 curare-tipped darts
Armour
 j - +2 fire dragon scales
 k - the +5 tower shield of Xom's Regard {rPois rCorr MP-9 Slay+5}
   (You took it off a daeva in Pandemonium)

   Slay:      It affects your accuracy & damage with ranged weapons and melee
   (+5).
   rPois:     It protects you from poison.
   MP:        It affects your magic capacity (-9).
   rCorr:     It protects you from acid and corrosion.
 m - a +0 pair of gloves of stealth (worn)
 v - the +3 shadow dragon scales of the Slorg (worn) {rElec rC++ Slay+2 Stlth++++}
   (You found it in an ice cave)

   Slay:      It affects your accuracy & damage with ranged weapons and melee
   (+2).
   rC:        It greatly protects you from cold.
   rElec:     It insulates you from electricity.
   Stlth:     It makes you much more stealthy.
 B - the +3 warlock's mirror (worn) {omnireflect}
   (You found it in the Desolation of Salt)

   Omnireflect: It can block and reflect piercing ranged attacks and magical
   attacks against the wielder's willpower.
 E - the +5 pair of boots of the Snail (worn) {Regen+ Dex+3 Stlth+}
   (You acquired it on level 1 of the Snake Pit)

   Dex:       It affects your dexterity (+3).
   Regen:     It increases your rate of health regeneration.
   Stlth:     It makes you more stealthy.
 P - a +2 cloak of preservation (worn)
 T - a +2 helmet (worn)
Magical Staves
 b - a staff of cold
 F - the staff "Giant's Toothpick" {rElec rN+++ Air}
   (You found it on level 5 of the Pits of Slime)

   [staff of air]

   Base accuracy: +5 Base damage: 5 Base attack delay: 1.2 This weapon's minimum
   attack delay (0.6) is reached at skill level 12.
   rElec:     It insulates you from electricity.
   rN:        It renders you almost immune to negative energy.
   Air:       It increases the power of your Air spells.
   It falls into the 'Staves' category.
   It is a one-handed weapon.
Jewellery
 D - the ring "Opozeex" (right hand) {Drain rElec rC+ Int+3 Dex+6}
   (You found it in an ice cave)

   [ring of dexterity]

   Int:       It affects your intelligence (+3).
   Dex:       It affects your dexterity (+6).
   rC:        It protects you from cold.
   rElec:     It insulates you from electricity.
   Drain:     It drains your maximum health when unequipped.
 J - the amulet of Xappusaz (around neck) {RegenMP rPois rC+ SInv}
   (You took it off a ragged hierophant in the Desolation of Salt)

   [amulet of magic regeneration]

   It increases your rate of magic regeneration.
   rC:        It protects you from cold.
   rPois:     It protects you from poison.
   SInv:      It lets you see invisible.
 N - the ring of Bogaeklo (left hand) {Wiz Will+}
   (You found it in the Desolation of Salt)

   [ring of wizardry]

   It improves your spell success rate.
   Will:      It increases your willpower.
 Z - a ring of protection from fire
Wands
 d - a wand of flame (96)
 g - a wand of digging (27)
 A - a wand of mindburst (32)
 O - a wand of iceblast (29)
 X - a wand of quicksilver (19)
 Y - a wand of charming (42)
Scrolls
 e - 6 scrolls of immolation
 h - a scroll of silence
 l - 10 scrolls of fear
 o - 5 scrolls of blinking
 r - 8 scrolls of revelation
 s - 19 scrolls of teleportation
 t - 5 scrolls of poison
 y - 4 scrolls of torment
 H - 5 scrolls of fog
 Q - 5 scrolls of butterflies
 U - 7 scrolls of vulnerability
Potions
 i - 4 potions of ambrosia
 n - 30 potions of curing
 q - 6 potions of might
 w - 12 potions of lignification
 x - 12 potions of haste
 z - 9 potions of resistance
 G - 6 potions of attraction
 I - 7 potions of heal wounds
 K - 4 potions of invisibility
 M - 3 potions of berserk rage
 R - 9 potions of magic
 W - 2 potions of cancellation
Miscellaneous
 f - a condenser vane
 p - a piece from Xom's chessboard (15/15)
 u - a lightning rod (4/4)
 L - a phantom mirror


   Skills:
 + Level 23.3 Fighting
 - Level 16.0 Maces & Flails
 - Level 15.0 Armour
 - Level 15.0 Dodging
 - Level 4.5 Stealth
 - Level 7.2 Shields
 - Level 14.0 Spellcasting
 + Level 26.0 Ice Magic
 - Level 8.0 Evocations


You had 4 spell levels left.
You knew the following spells:

 Your Spells              Type           Power      Damage    Failure   Level
a - Ozocubu's Armour      Ice            100%       N/A       0%          3
b - Frozen Ramparts       Ice            100%       1d16      0%          3
c - Hailstorm             Conj/Ice       86%        3d17      1%          3
d - Summon Ice Beast      Ice/Summ       86%        N/A       1%          4
e - Metabolic Englaciati  Hex/Ice        43%        N/A       1%          5
f - Blink                 Tloc           48%        N/A       4%          2
g - Ozocubu's Refrigerat  Ice            59%        4d20      1%          7
h - Simulacrum            Ice/Necr       43%        N/A       2%          6
i - Polar Vortex          Ice            59%        12d7*     8%          9
j - Wereblood             Tmut           24%        N/A       4%          2
q - Freezing Cloud        Conj/Ice/Air   35%        6-21      2%          5

Your spell library contained the following spells:

 Spells                   Type           Power      Damage    Failure   Level
 Freeze                   Ice            100%       1d10      0%          1
 Ensorcelled Hibernation  Hex/Ice        100%       N/A       1%          2
 Apportation              Tloc           48%        N/A       3%          1
 Foxfire                  Conj/Fire      96%        2x1d8     3%          1
 Kiss of Death            Conj/Necr      96%        2d12      3%          1
 Magic Dart               Conj           96%        1d7       3%          1
 Necrotise                Necr           96%        1d8       3%          1
 Shock                    Conj/Air       96%        1d9       3%          1
 Slow                     Hex            96%        N/A       3%          1
 Summon Small Mammal      Summ           96%        N/A       3%          1
 Call Imp                 Summ           48%        N/A       4%          2
 Cigotuvi's Dreadful Rot  Necr/Pois/Air  48%        N/A       4%          2
 Lesser Beckoning         Tloc           48%        N/A       4%          2
 Passwall                 Tmut/Erth      20%        N/A       4%          2
 Poisonous Vapours        Pois/Air       48%        N/A       4%          2
 Scorch                   Fire           48%        2d7       4%          2
 Searing Ray              Conj           48%        2d6       4%          2
 Sublimation of Blood     Necr           24%        N/A       4%          2
 Call Canine Familiar     Summ           24%        N/A       9%          3
 Confusing Touch          Hex            24%        N/A       9%          3
 Dazzling Flash           Conj/Hex       48%        N/A       9%          3
 Gell's Gravitas          Tloc           24%        N/A       9%          3
 Ignite Poison            Fire/Tmut/Pois 24%        N/A       9%          3
 Mephitic Cloud           Conj/Pois/Air  24%        N/A       9%          3
 Portal Projectile        Hex/Tloc       48%        N/A       9%          3
 Summon Guardian Golem    Hex/Summ       24%        N/A       9%          3
 Swiftness                Air            24%        N/A       9%          3
 Teleport Other           Tloc           24%        N/A       9%          3
 Tukima's Dance           Hex            24%        N/A       9%          3
 Vampiric Draining        Necr           24%        2d7       9%          3
 Volatile Blastmotes      Fire/Tloc      48%        2d14      9%          3
 Airstrike                Air            12%        2d(2-18)  28%         4
 Anguish                  Hex/Necr       12%        N/A       28%         4
 Animate Armour           Summ/Erth      48%        N/A       28%         4
 Cause Fear               Hex            12%        N/A       28%         4
 Dispel Undead            Necr           24%        3d12      28%         4
 Flame Wave               Conj/Fire      24%        2d8       28%         4
 Fulminant Prism          Conj/Hex       12%        3d8       28%         4
 Iskenderun's Mystic Bla  Conj/Tloc      24%        2d7       28%         4
 Leda's Liquefaction      Hex/Erth       12%        N/A       28%         4
 Manifold Assault         Tloc           24%        N/A       28%         4
 Olgreb's Toxic Radiance  Pois           24%        N/A       28%         4
 Passage of Golubria      Tloc           24%        N/A       28%         4
 Petrify                  Tmut/Erth      24%        N/A       28%         4
 Sticky Flame             Conj/Fire      24%        2d5       28%         4
 Summon Lightning Spire   Summ/Air       24%        N/A       28%         4
 Alistair's Intoxication  Tmut/Pois      16%        N/A       61%         5
 Borgnjor's Vile Clutch   Necr/Erth      12%        N/A       61%         5
 Fireball                 Conj/Fire      12%        3d7       61%         5
 Irradiate                Conj/Tmut      12%        3d15      61%         5
 Iskenderun's Battlesphe  Conj           24%        2d8       61%         5
 Silence                  Hex/Air        12%        N/A       61%         5
 Summon Mana Viper        Hex/Summ       24%        N/A       61%         5
 Yara's Violent Unravell  Hex/Tmut       12%        3d7       61%         5
 Conjure Ball Lightning   Conj/Air       12%        3x3d6     98%         6
 Death Channel            Necr           12%        N/A       98%         6
 Dispersal                Tloc           12%        N/A       98%         6
 Starburst                Conj/Fire      12%        6d5       98%         6
 Summon Cactus Giant      Summ           12%        N/A       98%         6
 Enfeeble                 Hex            12%        N/A       100%        7
 Haunt                    Necr/Summ      12%        N/A       100%        7
 Malign Gateway           Summ/Tloc      12%        N/A       100%        7
 Monstrous Menagerie      Summ           12%        N/A       100%        7
 Orb of Destruction       Conj           12%        9d7       100%        7
 Spellforged Servitor     Conj/Summ      12%        N/A       100%        7
 Summon Hydra             Summ           12%        N/A       100%        7
 Discord                  Hex            12%        N/A       100%        8
 Disjunction              Tloc           12%        N/A       100%        8
 Ignition                 Fire           12%        3d6       100%        8
 Lehudib's Crystal Spear  Conj/Erth      12%        10d4      100%        8
 Summon Horrible Things   Summ           12%        N/A       100%        8
 Death's Door             Necr           12%        N/A       100%        9
 Fire Storm               Conj/Fire      12%        8d3       100%        9


Dungeon Overview and Level Annotations

Branches:
Dungeon (15/15)            Temple (0/1) D:5            Lair (5/5) D:10
  Swamp (4/4) Lair:3        Snake (4/4) Lair:2        Slime (5/5) Lair:5
    Orc (2/2) D:12            Elf (3/3) Orc:2        Vaults (4/5) D:14
  Crypt (0/3) Vaults:3     Depths (4/4) D:15           Hell (visited)
    Dis (0/7) Hell            Geh (0/7) Hell            Coc (2/7) Hell
    Tar (0/7) Hell            Zot (5/5) Depths:4      IceCv (visited)
 WizLab (visited)         Desolation (visited)

Shops:
D:1 [   D:3 [   D:8 (*[=*   D:11 =!!(?   D:14 *   Orc:2 !*([   Elf:1 [
Snake:3 =   Snake:4 =   Vaults:1 [   Vaults:2 [   Vaults:4 =

Portals:
Hell: Depths:1 Depths:2 Depths:3 Depths:4
Abyss: Depths:3 Depths:4
Pandemonium: Depths:2 Depths:4
Ziggurat: Depths:1

Annotations:
D:3 Terence
D:10 3 runed translucent doors, porpoise's ghost, novice BaSh
D:13 Jorgrun
Snake:4 Aizul
Orc:1 2 transporters, AwFulAwFulPlayer's ghost, journeyman DsCK
Vaults:1 2 transporters, exclusion: orange crystal statue
Vaults:4 Jory
Zot:4 2 transporters


Innate Abilities, Weirdness & Mutations

You have an increased reservoir of magic. (+10% MP)
You shall have no god before yourself.
Your divine heritage dramatically boosts your attributes as you level up.


Message History

You whack the daeva!
The daeva is moderately wounded.
The daeva is engulfed in freezing vapours.
The daeva calls down the wrath of the Shining One upon you.
The Shining One smites you!
* * * LOW HITPOINT WARNING * * *
Unknown command.
Unknown command.
Unknown command.
Unknown command.
Press: ? - help, v - describe, . - travel
Here: a daeva, wielding a +2 long sword of holy wrath and wearing a +0 tower shield (moderately wounded, haloed)
The floor.
Unknown command.
Unknown command.
The daeva attacks as you move away! You block the daeva's attack.
The daeva hits you but does no damage.
An ophan comes into view.
The daeva is engulfed in freezing vapours.
The daeva calls down the wrath of the Shining One upon you.
The Shining One smites you!
* * * LOW HITPOINT WARNING * * *
Unknown command.
Unknown command.
Unknown command.
As you read the scroll of teleportation, it crumbles to dust.
You feel strangely unstable. You block the daeva's attack.
The daeva hits you but does no damage.
The daeva is engulfed in freezing vapours.
The daeva calls down the wrath of the Shining One upon you.
The Shining One smites you!
* * * LOW HITPOINT WARNING * * *
Unknown command.
Unknown command.
Casting: Freezing Cloud (mildly dangerous; 2% risk of failure)
Confirm with . or Enter, or press ? or * to list all spells.
You blink.
The ophan harnesses the cleansing power of fire!
The bolt of fire hits you!!!
You die...

)[).....))).).###..._(.#.[...#
#.#.#.#.#.#.#.........##.....#
..##############......##.....#
........#......#.....!##§§§§.##
.....##.#!.##.?...#..###§§#...#
......#.#....).#....###.A.##..#
####)...##############.#..##..###
#))#...........G..[..A..§§§....≈≈
#.)#............@..##...§§...≈≈≈≈
'###...##.........####..§§§≈≈≈≈≈≈
.##....#.........####)....≈≈≈≈≈≈≈
.##........###.)..##.)..≈≈≈≈≈≈≈≈#
.##......### ##......)≈≈≈≈≈≈≈≈≈.#
.##.....## ##....)≈≈≈≈≈≈≈≈≈..#
.##....## #.....≈≈≈≈≈≈≈≈≈...#
.##....# ##...≈≈≈≈≈≈≈≈≈....
.##....# ##..≈≈≈≈≈≈≈≈≈.....


You could see a daeva and an ophan.

Vanquished Creatures
  the Royal Jelly (Slime:5)
  A seraph (Pan)
  2 pandemonium lords (Pan)
  An ancient lich (Abyss:3)
  A juggernaut (Depths:3)
  Vv (Zot:3)
  A Killer Klown (Zot:5)
  Bai Suzhen (Elf:3)
  Xtahua (Vaults:4)
  3 curse toes
  Geryon (Hell)
  the Enchantress (Depths:4)
  8 golden dragons
  A bone dragon (Abyss:1)
  A Tzitzimitl (Pan)
  A Brimstone Fiend (Pan)
  2 hellephants
  16 tentacled monstrosities
  2 Hell Sentinels (Pan)
  7 Orb Guardians (Zot:5)
  6 quicksilver dragons
  3 liches
  A walking earthen tome (Depths:3)
  A walking divine tome (Depths:3)
  2 walking crystal tomes
  3 deep elf blademasters (Elf:3)
  Murray (Depths:1)
  2 titans
  5 deep elf master archers
  4 sphinxes
  9 death cobs
  3 tentacled starspawn
  21 acid blobs
  2 ancient champions (Hell)
  3 thorn hunters (WizLab)
  3 Executioners
  4 shadow dragons
  A revenant (Vaults:2)
  12 storm dragons
  11 azure jellies
  17 daevas (Pan)
  3 fenstrider witches (WizLab)
  4 draconian knights
  11 draconian monks
  3 nagarajas
  7 deep elf sorcerers (Elf:3)
  12 rockslimes
  3 iron dragons
  11 frost giants
  6 fire giants
  3 balrugs
  9 vault wardens
  2 ghost moths
  A shard shrike simulacrum (Coc:1)
  3 draconian scorchers
  An orc warlord (Vaults:4)
  38 angels (Pan)
  9 draconian shifters
  A cacodemon (Pan)
  2 deep elf elementalists (Elf:3)
  12 ironbound preservers
  A reaper (Depths:4)
  3 war gargoyles
  4 spectral caustic shrikes (Depths:1)
  The ghost of Mahus the Bludgeoner, a journeyman GrBe of Trog (Swamp:3)
  5 draconian stormcallers
  7 formless jellyfish
  3 spriggan defenders (Depths:4)
  2 very ugly things (Depths:4)
  3 draconian annihilators (Zot:1)
  8 ironbound thunderhulks
  10 stone giants
  10 quicksilver oozes
  19 ophanim (Pan)
  2 demonspawn black suns (Pan)
  8 eleionomae
  A vampire knight (Hell)
  2 halazid warlocks (Desolation)
  3 bunyips
  27 apis (Pan)
  2 lorocyprocas (Pan)
  5 dire elephants
  3 deep elf demonologists
  12 green draconians
  A wendigo (Coc:1)
  6 black draconians
  A spark wasp (shapeshifter) (D:10)
  5 deep elf annihilators
  9 purple draconians
  9 yellow draconians
  6 white draconians
  14 red draconians
  2 iron golems (Depths:2)
  3 blizzard demons
  6 deep elf death magi
  An eidolon (Abyss:1)
  11 ettins
  15 fire dragons
  A green death (Pan)
  3 jiangshi (Depths:3)
  Josephine (D:12)
  7 deep elf high priests (Elf:3)
  9 crystal guardians
  A shambling mangrove (Swamp:2)
  10 ice dragons
  A hell beast (Pan)
  6 yaktaur captains
  7 ragged hierophants (Desolation)
  An entropy weaver (Vaults:3)
  An ogre mage (Vaults:3)
  6 rakshasas
  13 peacekeepers
  10 great orbs of eyes
  2 catoblepae
  8 servants of whispers (Desolation)
  8 vault guards
  A caustic shrike simulacrum (Coc:1)
  2 ghost crabs (Swamp:3)
  15 hydras
  6 salamander tyrants
  3 spriggan air magi
  An alligator (shapeshifter) (Elf:1)
  Erica (D:8)
  7 boulder beetles
  12 centaur warriors
  8 anacondas
  7 ironbound frosthearts
  6 deep troll shamans
  14 naga warriors
  8 alligators
  21 dancing weapons
  6 two-headed ogres
  2 tengu warriors (Depths:4)
  A vampire mage (Depths:3)
  4 satyrs
  3 death yaks (D:10)
  6 hell hogs
  9 hell knights
  14 naga sharpshooters
  9 deep troll earth magi
  5 shock serpents
  2 thrashing horrors
  6 soul eaters
  4 spriggan berserkers
  6 skeletal warriors
  Nergalle (Lair:2)
  A crystal echidna (Depths:4)
  29 deep elf knights
  13 sun demons
  3 wretched stars (Abyss:3)
  6 iron trolls
  5 orc high priests
  2 skysharks
  Amaemon (D:10)
  3 fire crabs (Swamp:4)
  5 sixfirhies
  11 cherubim (Pan)
  7 salamander mystics
  5 goliath frogs
  40 deep trolls
  4 glowing orange brains
  7 nameless horrors
  6 naga ritualists
  A death drake (Swamp:3)
  8 swamp dragons
  4 spriggan druids
  6 bog bodies
  2 phantasmal warriors
  2 shadow demons (Pan)
  A fenstrider witch simulacrum (Coc:1)
  8 lindwurms (Vaults:1)
  An orange crystal statue (Hell)
  A flayed ghost (Depths:1)
  14 deep elf archers
  A glowing orange brain (shapeshifter) (Vaults:2)
  5 harpies (Depths:1)
  22 deep elf zephyrmancers
  8 wizards
  8 mana vipers
  24 deep elf pyromancers
  21 ironbound convokers
  4 necromancers
  6 orc knights
  2 oklob plants (WizLab)
  22 salamanders
  6 large abominations (Abyss:3)
  7 manticores
  5 cyclopes
  3 will-o-the-wisps
  2 shining eyes
  4 orc sorcerers (Orc:2)
  48 ugly things
  2 worldbinders (Abyss:3)
  5 fauns (WizLab)
  26 moths of wrath
  31 black mambas
  4 elephants (Lair:4)
  A rust devil (Depths:4)
  3 molten gargoyles
  15 naga magi
  7 vault sentinels
  9 guardian serpents
  An apocalypse crab (Abyss:3)
  2 eyes of devastation
  2 torpor snails
  16 cane toads
  A titan simulacrum (Coc:2)
  A storm dragon simulacrum (Coc:1)
  An ice statue (IceCv)
  12 smoke demons
  5 orange demons
  Maggie (D:8)
  4 komodo dragons
  2 rime drakes
  2 tengu conjurers
  2 efreet
  An unseen horror (D:11)
  26 yaktaurs
  4 anaconda simulacra
  4 ancient zymes (Abyss:3)
  3 ice devils
  2 bunyip simulacra
  A tormentor (Coc:1)
  4 freezing wraiths
  A red devil (Hell)
  2 guardian mummies (Vaults:1)
  A polar bear (Lair:1)
  6 starcursed masses (Abyss:3)
  A golden dragon simulacrum (Coc:1)
  12 trolls
  A merfolk (D:14)
  A hellwing (Pan)
  A tyrant leech (shapeshifter) (Vaults:1)
  A meliai (shapeshifter) (D:15)
  12 hornets
  A polar bear (shapeshifter) (Elf:2)
  4 raiju (Abyss:3)
  78 saltlings (Desolation)
  13 tyrant leeches
  An iron dragon simulacrum (Coc:1)
  5 dream sheep (Lair:4)
  An ettin zombie (Abyss:3)
  31 blink frogs
  2 stone giant simulacra (Coc:1)
  A draconian simulacrum (Hell)
  A centaur simulacrum (D:14)
  9 water elementals
  6 wraiths
  45 slime creatures
  4 ynoxinuls
  49 yaks
  3 dire elephant simulacra
  13 spriggans
  3 air elementals
  3 vampires
  4 basilisks
  5 shadows
  7 golden eyes
  A basilisk (shapeshifter) (D:15)
  3 wyverns
  Eustachio (D:6)
  2 fire elementals
  A fire bat (Abyss:3)
  A death yak simulacrum (D:13)
  2 steam dragons
  3 redbacks (Vaults:3)
  13 vampire mosquitoes
  4 chaos spawn
  2 neqoxecs
  5 wargs (Orc:1)
  19 swamp worms
  6 harpy simulacra
  32 nagas
  2 death drake simulacra (Swamp:3)
  22 water moccasins
  10 hell hounds
  7 swamp drakes (Swamp:4)
  25 orc warriors
  7 black bears
  4 sky beasts
  5 small abominations
  12 wolves
  19 ogres
  3 centaurs
  A fire dragon simulacrum (Coc:1)
  5 kobold brigands (D:12)
  A bullfrog (shapeshifter) (Elf:2)
  8 earth elementals
  2 gnoll sergeants (D:12)
  3 scorpions
  20 bullfrogs
  2 cane toad simulacra (IceCv)
  3 two-headed ogre simulacra (IceCv)
  3 wights (D:8)
  2 elephant simulacra (IceCv)
  25 killer bees
  5 howler monkeys
  A quasit (Abyss:3)
  8 jellies
  Crazy Yiuf (D:6)
  A gnoll bouda (D:6)
  10 orc priests
  4 hounds
  An iron imp (Abyss:3)
  A sleepcap (D:6)
  3 iguanas
  26 orc wizards
  7 troll simulacra
  8 spriggan simulacra
  3 polar bear simulacra (IceCv)
  2 wolf simulacra
  9 gnolls
  13 adders
  9 naga simulacra
  6 white imps
  9 ufetubi
  A worm (D:3)
  3 dart slugs
  59 orcs
  3 bats
  5 endoplasms
  A giant cockroach (D:1)
  A goblin (D:4)
  4 hobgoblins
  6 kobolds
  5 quokkas
  9 ball pythons
  A frilled lizard (D:2)
  4 rats
  A spectral orc (D:7)
  15 spectral weapons
  2 starspawn tentacles (Abyss:3)
2278 creatures vanquished.

Vanquished Creatures (collateral kills)
  3 golden dragons
  A tentacled monstrosity (Zot:1)
  A lich (Depths:4)
  A titan (Depths:4)
  3 acid blobs
  A death cob (Zot:2)
  2 shadow dragons
  2 Executioners (Pan)
  A storm dragon (Depths:4)
  4 azure jellies
  A fire giant (Depths:4)
  3 rockslimes
  A draconian scorcher (Depths:4)
  A deep elf sorcerer (Elf:1)
  A vault warden (Vaults:2)
  2 draconian shifters (Depths:4)
  A spriggan defender (Depths:4)
  A demonspawn corrupter (Pan)
  2 formless jellyfish
  4 quicksilver oozes
  A vampire knight (Vaults:3)
  3 green draconians
  A black draconian (Zot:4)
  2 deep elf annihilators
  A white draconian (Zot:2)
  3 purple draconians
  A deep elf death mage (Elf:3)
  An ettin (Depths:4)
  3 ragged hierophants (Desolation)
  A shambling mangrove (WizLab)
  7 hydras
  2 ice dragons (Depths:4)
  3 great orbs of eyes (Slime:5)
  A centaur warrior (Vaults:4)
  A servant of whispers (Desolation)
  2 spriggan air magi
  A salamander tyrant (Snake:4)
  2 naga warriors
  A two-headed ogre (D:12)
  A boulder beetle (D:12)
  An anaconda (Snake:4)
  2 naga sharpshooters
  2 hell knights
  An orc high priest (Elf:1)
  Lodul (D:14)
  2 swamp dragons
  A bog body (Swamp:3)
  A naga ritualist (Snake:4)
  2 deep trolls
  2 glowing orange brains (Slime:5)
  A large abomination (Pan)
  An ironbound convoker (Vaults:1)
  2 deep elf archers (Elf:1)
  A deep elf zephyrmancer (Elf:1)
  6 shining eyes
  An ugly thing (D:10)
  2 deep elf pyromancers
  A salamander (Snake:4)
  4 moths of wrath
  An eye of devastation (Slime:5)
  A black mamba (Snake:1)
  2 naga magi
  A vault sentinel (Vaults:4)
  3 smoke demons (Pan)
  2 orange demons
  3 saltlings (Desolation)
  2 spriggans
  36 slime creatures
  A basilisk (D:10)
  2 golden eyes
  A steam dragon (Swamp:4)
  A death yak simulacrum (IceCv)
  A chaos spawn (Pan)
  2 vampire mosquitoes
  2 swamp worms
  A naga (Snake:4)
  An acid dragon (D:7)
  2 swamp drakes (Swamp:4)
  An orc warrior (Orc:1)
  A centaur (D:12)
  A bullfrog (Lair:3)
  A quasit (Abyss:3)
  An orc wizard (Orc:2)
178 creatures vanquished.

Vanquished Creatures (others)
  Asterion (Vaults:2)
  An eleionoma (Swamp:1)
  A peacekeeper (Desolation)
  A ghost crab (Swamp:3)
  3 deep elf knights
  Sonja (D:10)
  A cherub (Pan)
  A spriggan simulacrum (Coc:2)
  2 deep elf archers (Elf:2)
  A deep elf pyromancer (Elf:2)
  An orc sorcerer (Orc:2)
  A titan simulacrum (Coc:2)
  A komodo dragon (Lair:2)
  A bunyip simulacrum (Swamp:3)
  2 bloated husks
  A large abomination (Abyss:3)
  A tyrant leech (Swamp:3)
  An alligator snapping turtle simulacrum (Coc:2)
  2 swamp drakes (Swamp:4)
  25 foxfires
  A lurking horror (Abyss:3)
  54 spectral weapons
  3 starspawn tentacles
107 creatures vanquished.

Grand Total: 2563 creatures vanquished

Notes
Turn   | Place    | Note
-------+----------+-------------------------------------------
     0 | D:5      | drugrobin the Demigod Delver began the quest for the Orb.
     0 | D:5      | Reached XP level 1. HP: 18/18 MP: 3/3
    37 | D:6      | Noticed a sky beast
    39 | D:6      | Noticed a bullfrog
    65 | D:6      | Noticed a scorpion
    65 | D:6      | Noticed a jelly
   103 | D:5      | Noticed a jelly
   455 | D:3      | Reached XP level 2. HP: 15/25 MP: 4/4
   656 | D:3      | Noticed Terence
   936 | D:1      | Found Zalorgh's Antique Armour Shoppe.
  1474 | D:1      | Reached XP level 3. HP: 26/30 MP: 5/5
  2082 | D:2      | Identified the +2 barding of the Wumpus {Harm}
  2668 | D:3      | Found Xuvven's Armour Emporium.
  2979 | D:3      | Reached skill level 10 in Maces & Flails
  2979 | D:3      | Reached XP level 4. HP: 2/37 MP: 6/6
  3178 | D:4      | Reached XP level 5. HP: 38/42 MP: 7/7
  3880 | D:4      | Reached XP level 6. HP: 39/50 MP: 8/8
  4704 | D:5      | Got the Disquisition on Chilblains
  4734 | D:5      | Found a staircase to the Ecumenical Temple.
  4888 | D:5      | Identified the +8 short sword "Loechuluch" {venom, rElec
                  | rC+ Will+}
  5027 | D:5      | Reached XP level 7. HP: 43/55 MP: 9/9
  6083 | D:6      | Found a runed translucent door.
  6084 | D:6      | Noticed Crazy Yiuf
  6090 | D:6      | Killed Crazy Yiuf
  6094 | D:6      | Identified the +6 hammer of Fee Simple {venom, rN+}
  6135 | D:6      | Reached XP level 8. HP: 56/62 MP: 10/10
  6218 | D:6      | Noticed Eustachio
  6232 | D:6      | Killed Eustachio
  6688 | D:6      | Noticed a boulder beetle
  6701 | D:6      | Killed a boulder beetle
  6964 | D:6      | Reached XP level 9. HP: 71/78 MP: 11/11
  7577 | D:7      | Reached skill level 1 in Ice Magic
  8184 | D:8      | Reached skill level 2 in Ice Magic
  8541 | D:7      | Reached skill level 3 in Ice Magic
  8551 | D:6      | HP: 3/78 [killer bee (7)]
  8874 | D:8      | Reached skill level 4 in Ice Magic
  8974 | D:8      | Found Qucaiwoq's Jewellery Boutique.
  8974 | D:8      | Identified the +1 ring mail "Qisodo" {+Blink rF+ Str+3}
  9093 | D:8      | Found Ajusumioshru's General Store.
  9100 | D:8      | Noticed Maggie
  9125 | D:8      | Noticed Erica
  9567 | D:8      | Found Peaba's Weapon Emporium.
  9573 | D:8      | Bought a +4 morningstar of protection for 268 gold pieces
  9776 | D:7      | Reached skill level 5 in Ice Magic
  9857 | D:7      | Learned a level 3 spell: Ozocubu's Armour
  9869 | D:8      | Reached XP level 10. HP: 52/86 MP: 9/13
 10021 | D:8      | Killed Erica
 10272 | D:8      | Killed Maggie
 10273 | D:8      | Reached skill level 6 in Ice Magic
 10462 | D:8      | Found Yrrui's Armour Shop.
 10468 | D:8      | Found Dollixilou's Assorted Antiques.
 10489 | D:8      | Bought a scroll of identify for 72 gold pieces
 10489 | D:8      | Bought 2 gluggy blue potions for 64 gold pieces
 10489 | D:8      | Bought an amethyst potion for 32 gold pieces
 10812 | D:9      | Reached skill level 7 in Ice Magic
 11097 | D:9      | Noticed a two-headed ogre
 11099 | D:9      | Reached skill level 1 in Armour
 11111 | D:9      | Killed a two-headed ogre
 11669 | D:10     | Entered Level 10 of the Dungeon
 12025 | D:9      | Reached XP level 11. HP: 85/95 MP: 14/14
 12075 | D:9      | Reached skill level 8 in Ice Magic
 12103 | D:10     | Learned a level 3 spell: Frozen Ramparts
 12107 | D:10     | Learned a level 3 spell: Hailstorm
 12164 | D:10     | Reached skill level 1 in Evocations
 12546 | D:10     | Found a staircase to the Lair.
 12874 | D:10     | Noticed Amaemon
 12885 | D:10     | Killed Amaemon
 13023 | D:10     | Noticed Sonja
 13039 | D:10     | Found a runed translucent gate.
 13039 | D:10     | Found a runed translucent gate.
 13039 | D:10     | Found a runed translucent gate.
 13089 | D:11     | Found Won Reis's Distillery.
 13092 | D:11     | Noticed a two-headed ogre
 13300 | D:11     | Killed a two-headed ogre
 13543 | D:11     | Bought a potion of curing for 48 gold pieces
 13870 | D:11     | Found Rotitre's Distillery.
 13935 | D:11     | Noticed a boulder beetle
 13950 | D:11     | Reached skill level 10 in Fighting
 13979 | D:11     | Killed a boulder beetle
 14046 | D:11     | Found Iqesh's Jewellery Emporium.
 14096 | D:11     | Noticed a two-headed ogre
 14109 | D:11     | Killed a two-headed ogre
 14242 | D:11     | Found Ketel's Magic Scroll Shop.
 14407 | D:10     | Noticed a two-headed ogre
 14423 | D:10     | Noticed a two-headed ogre
 14641 | D:11     | Found Nemu's Weapon Boutique.
 14908 | D:11     | Identified the +1 leather armour of Fihit {rC+ Int+2
                  | Stlth+}
 15061 | D:10     | Killed a two-headed ogre
 15062 | D:10     | Killed Sonja
 15072 | D:10     | Killed a two-headed ogre
 15165 | D:10     | Noticed a glowing orange brain
 15388 | Lair:1   | Entered Level 1 of the Lair of Beasts
 15411 | Lair:1   | Noticed a death yak
 15428 | Lair:1   | Noticed a death yak
 15429 | Lair:1   | Noticed a death yak
 15431 | Lair:1   | Reached XP level 12. HP: 97/110 MP: 2/15
 15453 | D:10     | HP: 4/110 [death yak (18)]
 16014 | D:10     | Reached skill level 1 in Spellcasting
 17811 | Lair:2   | Noticed Nergalle
 17844 | Lair:2   | Killed Nergalle
 18173 | Lair:2   | Found a staircase to the Snake Pit.
 18704 | Lair:3   | Learned a level 4 spell: Summon Ice Beast
 19067 | Lair:3   | Reached skill level 5 in Spellcasting
 19165 | Lair:3   | Found a staircase to the Swamp.
 20189 | Lair:3   | Noticed a catoblepas
 20217 | Lair:3   | Killed a catoblepas
 20686 | Lair:4   | Reached XP level 13. HP: 122/122 MP: 20/25
 20705 | Lair:4   | Reached skill level 9 in Ice Magic
 22675 | Lair:5   | Entered Level 5 of the Lair of Beasts
 22697 | Lair:4   | Reached skill level 5 in Armour
 22938 | Lair:4   | Reached skill level 10 in Ice Magic
 24666 | Lair:5   | Found a staircase to the Slime Pits.
 25019 | Lair:5   | Learned a level 5 spell: Metabolic Englaciation
 25632 | D:11     | Bought a potion of berserk rage for 80 gold pieces
 26517 | D:12     | Reached skill level 11 in Ice Magic
 26517 | D:12     | Reached XP level 14. HP: 83/130 MP: 14/28
 26809 | D:12     | Found a staircase to the Orcish Mines.
 27175 | Orc:1    | Entered Level 1 of the Orcish Mines
 27339 | Orc:1    | Noticed Josephine
 27384 | D:12     | Killed Josephine
 27468 | Orc:1    | Found a transporter.
 27719 | Orc:1    | Found a transporter.
 27721 | Orc:1    | Noticed AwFulAwFulPlayer's ghost (journeyman DsCK)
 28347 | Orc:2    | Entered Level 2 of the Orcish Mines
 28814 | Orc:2    | Found a staircase to the Elven Halls.
 29045 | Orc:2    | Paralysed by an orc sorcerer for 5 turns
 29565 | Orc:2    | Found Nufiacw's General Store.
 29565 | Orc:2    | Found Wecetyum's Distillery.
 29566 | Orc:2    | Found Qamaxt's Armour Emporium.
 29566 | Orc:2    | Found Qeomirakk's Antique Weapon Emporium.
 29573 | Orc:2    | Bought a potion of mutation for 120 gold pieces
 29586 | Orc:2    | Bought a scroll of identify for 26 gold pieces
 30140 | D:13     | Found a frozen archway.
 30185 | IceCv    | Entered an ice cave
 30948 | IceCv    | Reached skill level 12 in Ice Magic
 31102 | IceCv    | Identified the +3 shadow dragon scales of the Slorg {rElec
                  | rC++ Slay+2 Stlth++++}
 31120 | IceCv    | Identified the ring "Opozeex" {Drain rElec rC+ Int+3 Dex+6}
 32025 | D:13     | Noticed Jorgrun
 32496 | D:14     | Noticed Lodul
 32531 | D:14     | Killed Lodul
 32705 | D:14     | Found Pirroil's General Store.
 32997 | D:14     | Identified the ring of Fehie {Will+ Int+3}
 33411 | D:14     | Found a gate to the Vaults.
 33417 | D:14     | Upgraded the game from 0.31-a0-358-gac0dbeb3ab to
                  | 0.31-a0-360-gb3e1d13bf4
 33491 | D:15     | Entered Level 15 of the Dungeon
 33626 | D:15     | Found a staircase to the Depths.
 34101 | D:15     | Reached XP level 15. HP: 138/138 MP: 31/31
 34643 | D:15     | Reached skill level 13 in Ice Magic
 35000 | Swamp:1  | Entered Level 1 of the Swamp
 35911 | Swamp:1  | Identified the +2 hand axe "Fowatogi" {freeze, Int+5}
 36234 | Snake:1  | Entered Level 1 of the Snake Pit
 37145 | Snake:1  | Reached skill level 5 in Evocations
 37331 | Snake:1  | Identified a scroll of acquirement
 37332 | Snake:1  | Acquired the +5 pair of boots of the Snail {Regen+ Dex+3
                  | Stlth+}
 37545 | Snake:1  | Learned a level 2 spell: Blink
 37875 | Snake:2  | Reached skill level 14 in Ice Magic
 39159 | Snake:3  | Reached XP level 16. HP: 139/146 MP: 6/33
 39436 | Snake:3  | Found Fuquloda's Jewellery Shop.
 40742 | Snake:4  | Entered Level 4 of the Snake Pit
 40817 | Snake:4  | Noticed Aizul
 41521 | Snake:4  | Reached skill level 15 in Ice Magic
 41656 | Snake:4  | Found Lowkuuli's Jewellery Boutique.
 42342 | Snake:4  | Reached skill level 10 in Armour
 42510 | Snake:4  | Reached skill level 1 in Shields
 43021 | Snake:4  | Got a serpentine rune of Zot
 43315 | Swamp:2  | HP: 4/146 [swamp worm (24)]
 43398 | Swamp:2  | You are sucked into a shaft and drop 1 floor!
 43398 | Swamp:3  | Noticed Mahus's ghost (journeyman GrBe)
 43398 | Swamp:3  | Found a transporter.
 43398 | Swamp:3  | Found a transporter.
 44507 | Swamp:3  | Reached XP level 17. HP: 152/152 MP: 35/35
 44591 | Swamp:3  | HP: 3/152 [tyrant leech (20)]
 45002 | Swamp:4  | Entered Level 4 of the Swamp
 46055 | Swamp:4  | Reached skill level 10 in Spellcasting
 46083 | Swamp:4  | Reached skill level 15 in Maces & Flails
 46349 | Swamp:4  | Got a decaying rune of Zot
 46880 | D:10     | Found a runed translucent gate.
 46880 | D:10     | Found a runed translucent gate.
 46886 | D:10     | Found a runed translucent gate.
 46892 | D:10     | Noticed porpoise's ghost (novice BaSh)
 47294 | Swamp:3  | Killed Mahus's ghost
 47613 | Elf:1    | Entered Level 1 of the Elven Halls
 47863 | Elf:1    | Reached skill level 5 in Shields
 48400 | Elf:1    | Paralysed by an air elemental for 1 turns
 48462 | Elf:1    | Paralysed by an air elemental for 1 turns
 48472 | Elf:1    | Paralysed by an air elemental for 1 turns
 48618 | Elf:1    | Found Vamah's Antique Armour Emporium.
 48962 | Elf:2    | Acquired a book of Ice
 48974 | Elf:2    | Learned a level 7 spell: Ozocubu's Refrigeration
 49613 | Elf:2    | Reached skill level 16 in Ice Magic
 49843 | Elf:2    | Reached XP level 18. HP: 160/160 MP: 26/38
 50305 | Elf:2    | Found a runed translucent gate.
 50305 | Elf:2    | Found a runed translucent gate.
 50305 | Elf:2    | Found a runed translucent gate.
 50351 | Elf:3    | Entered Level 3 of the Elven Halls
 50482 | Elf:3    | Noticed Bai Suzhen
 51133 | Vaults:1 | Entered Level 1 of the Vaults
 51448 | Vaults:1 | Found a crumbling gateway.
 51467 | Desolati | Entered the Desolation of Salt
 51812 | Desolati | Identified the +4 plate armour of Sharp Salvation {rPois
                  | rC+ Dex+2}
 52084 | Desolati | Identified the ring "Diafa" {*Corrode rN++ MP+9 Dex+3}
 52089 | Desolati | Identified the staff "Junias" {rElec Will+ Str+3 Air}
 52093 | Desolati | Identified the +1 chain mail of Qiatoo {Drain rC++ Int+4}
 52211 | Desolati | Got the Secrets of Power
 52216 | Desolati | Found the +3 warlock's mirror {omnireflect}
 52603 | Desolati | Got the Catalogue of the Chthonic Gestalt
 52611 | Desolati | Learned a level 6 spell: Simulacrum
 52790 | Desolati | Identified the amulet of Xappusaz {RegenMP rPois rC+ SInv}
 53414 | Desolati | Got the Book of the Allied Bonfire
 53438 | Desolati | Got Sif Muna's Handbook of the Mighty Mausoleum
 53561 | Desolati | Identified the ring of Bogaeklo {Wiz Will+}
 53564 | Desolati | Got the Lessons on Rotting Transition
 53641 | Desolati | Identified the +3 rapier of Doubt {spect, Str+2}
 54115 | Vaults:1 | Found a transporter.
 54115 | Vaults:1 | Found the +8 arc blade {discharge, rElec}
 54126 | Vaults:1 | Found a transporter.
 54495 | Vaults:1 | Found Tigheis's Armour Shoppe.
 54622 | Vaults:1 | Reached skill level 17 in Ice Magic
 54794 | Vaults:1 | Found a portal to a secret trove of treasure.
 54921 | Vaults:2 | Found Faato Fuge's Antique Armour Boutique.
 54925 | Vaults:2 | Bought a runed cloak for 285 gold pieces
 55082 | Vaults:2 | Reached XP level 19. HP: 167/167 MP: 9/40
 55181 | Vaults:2 | Found a magical portal.
 55201 | WizLab   | Entered Eringya's Formal Garden
 55371 | WizLab   | Got the Treatise on Stony Adjuration
 56419 | Vaults:2 | Noticed Asterion
 56816 | Vaults:2 | Reached skill level 18 in Ice Magic
 57190 | Vaults:2 | Killed Asterion
 57372 | Vaults:3 | Found a staircase to the Crypt.
 58145 | Vaults:3 | Reached skill level 15 in Armour
 58198 | Vaults:3 | Paralysed by a formless jellyfish for 1 turns
 58796 | Vaults:3 | Reached skill level 19 in Ice Magic
 58888 | Vaults:4 | Noticed Xtahua
 58893 | Vaults:4 | Killed Xtahua
 58938 | Vaults:4 | Found Ojofeuho's Jewellery Shoppe.
 59050 | Vaults:4 | Reached XP level 20. HP: 36/174 MP: 6/41
 59585 | Vaults:4 | Reached skill level 20 in Ice Magic
 59704 | Vaults:4 | Acquired the +11 eveningstar "Lifebane" {pain, Dex+3}
 59800 | Vaults:4 | Noticed Jory
 61583 | Elf:3    | Killed Bai Suzhen
 61584 | Elf:3    | Reached skill level 21 in Ice Magic
 62354 | Elf:3    | Identified the +4 morningstar of Inquiry {pain, *Slow rPois
                  | Str+3}
 62649 | Elf:3    | Identified the amulet "Neritzoe" {Faith Rampage rCorr Int-3
                  | Slay+5}
 62729 | Elf:3    | Identified the staff "Veacrom" {rElec rC+ Air}
 62836 | Elf:3    | Learned a level 9 spell: Polar Vortex
 63324 | Swamp:3  | Reached skill level 22 in Ice Magic
 63647 | Depths:1 | Entered Level 1 of the Depths
 63844 | Depths:1 | Found a one-way gateway to a ziggurat.
 64083 | Depths:1 | Identified the +7 falchion of the Burning Penguin {pain,
                  | rC+}
 64126 | Depths:1 | Reached XP level 21. HP: 177/182 MP: 19/43
 64180 | Depths:1 | Reached skill level 15 in Fighting
 64618 | Depths:1 | Noticed a golden dragon
 64679 | Depths:1 | Found a gateway to Hell.
 64860 | Depths:1 | Killed a golden dragon
 65105 | Lair:1   | Reached XP level 22. HP: 194/194 MP: 43/45
 65678 | Hell     | Entered the Vestibule of Hell
 65678 | Hell     | Noticed Geryon
 65688 | Hell     | Killed Geryon
 65689 | Hell     | Noticed Murray
 65902 | Vaults:1 | You paid a toll of the horn of Geryon to enter a treasure
                  | trove
 65903 | Trove    | Entered a treasure trove
 65927 | Trove    | Identified the ring "Udyeran" {Will+ Str+6}
 66137 | Depths:2 | Found the +2 Maxwell's thermic engine {flame, freeze, rev}
 66432 | Depths:2 | Learned a level 5 spell: Freezing Cloud
 66434 | Depths:2 | Identified the +7 flail of Light {antimagic, Contam rF+++
                  | rN+++ Str-3}
 66733 | Depths:2 | Found a one-way gate leading to the halls of Pandemonium.
 67102 | Depths:2 | Identified the amulet "Pieshru" {Reflect Str+3 SH+5}
 67775 | Depths:3 | Found a one-way gate to the infinite horrors of the Abyss.
 68126 | Depths:3 | Noticed a juggernaut
 68161 | Depths:3 | Killed a juggernaut
 68217 | Depths:3 | Found the +4 robe of Folly {Brill Will-∞ Int+8}
 68222 | Depths:3 | Identified the +5 ring mail of Somewhere Else {rElec Slay+2
                  | SInv}
 68566 | Depths:4 | Entered Level 4 of the Depths
 68838 | Depths:4 | Noticed the Enchantress
 68847 | Depths:4 | Killed the Enchantress
 68875 | Depths:4 | Reached XP level 23. HP: 169/211 MP: 7/47
 69403 | Depths:4 | Identified the +4 ring mail of the Loofah {Harm Str+4}
 69641 | Depths:4 | Found a gate to the Realm of Zot.
 70184 | Depths:4 | Voluntarily entered the Abyss.
 70627 | Abyss:3  | Noticed an ancient lich
 70650 | Abyss:3  | Killed an ancient lich
 71086 | Abyss:3  | Got an abyssal rune of Zot
 71137 | Depths:4 | Escaped the Abyss
 71200 | Zot:1    | Entered Level 1 of the Realm of Zot
 71647 | Zot:1    | Reached skill level 5 in Dodging
 73395 | Zot:2    | Acquired 1064 gold pieces
 73890 | Zot:2    | Reached XP level 24. HP: 200/226 MP: 40/47
 74357 | Zot:3    | Learned a level 2 spell: Wereblood
 74362 | Zot:3    | Noticed Vv
 74566 | Zot:3    | Reached skill level 23 in Ice Magic
 75143 | Zot:3    | Killed Vv
 76019 | Zot:4    | Found a transporter.
 76046 | Zot:4    | Reached skill level 10 in Dodging
 76217 | Zot:4    | Found a transporter.
 76250 | Zot:5    | Entered Level 5 of the Realm of Zot
 77020 | Zot:5    | Reached skill level 24 in Ice Magic
 77030 | Zot:5    | Noticed a Killer Klown
 77074 | Zot:5    | Noticed a Killer Klown
 77092 | Zot:5    | Killed a Killer Klown
 77094 | Zot:5    | Noticed an orb of fire
 77772 | Hell     | Found a gateway to the Iron City of Dis.
 77902 | Hell     | Found a gateway to the ashen valley of Gehenna.
 77946 | Hell     | Found a gateway to the decaying netherworld of Tartarus.
 78100 | Hell     | Found a gateway to the freezing wastes of Cocytus.
 78127 | Coc:1    | Entered Level 1 of Cocytus
 78207 | Coc:1    | Reached XP level 25. HP: 234/234 MP: 47/47
 78812 | Slime:1  | Entered Level 1 of the Pits of Slime
 80497 | Slime:5  | Entered Level 5 of the Pits of Slime
 80612 | Slime:5  | Noticed the Royal Jelly
 81112 | Slime:5  | Killed the Royal Jelly
 81113 | Slime:5  | Reached skill level 25 in Ice Magic
 81175 | Slime:5  | Got the Essays on Gases
 81179 | Slime:5  | Identified the +0 pair of boots of the Storm King {Str+2
                  | Int+3}
 81193 | Slime:5  | Identified the +0 robe "Enlab" {rF+ Int+3}
 81464 | Slime:5  | Identified the staff "Giant's Toothpick" {rElec rN+++ Air}
 81472 | Slime:5  | Got the Spellbook of Discontinuous Necromancy
 82722 | Depths:1 | Killed Murray
 82850 | Pan      | Entered Pandemonium
 83551 | Pan      | Found an exit through the horrors of the Abyss.
 83670 | Pan      | Noticed Boval the pandemonium lord
 83700 | Pan      | Killed Boval the pandemonium lord
 84008 | Pan      | Noticed Ceerruf the pandemonium lord
 84023 | Pan      | Killed Ceerruf the pandemonium lord
 84545 | Pan      | Identified the +5 tower shield of Xom's Regard {rPois rCorr
                  | MP-9 Slay+5}
 84721 | Pan      | Identified the +7 tower shield of Indemnity {Will- Int+4
                  | Dex+4}
 84734 | Pan      | Reached skill level 15 in Dodging
 85365 | Pan      | Noticed a seraph
 85379 | Pan      | Reached XP level 26. HP: 224/248 MP: 42/47
 85400 | Pan      | Killed a seraph
 85617 | Pan      | Identified the +2 scale mail "Ceoticodd" {Slay+3}
 85694 | Pan      | Got a demonic rune of Zot
 85705 | Pan      | Identified the +4 quarterstaff "Cyoluask" {flame, Fly Int+3
                  | Dex+4}
 85706 | Pan      | Identified the +0 robe of Dishonesty {+Inv rPois Will+}
 86770 | Pan      | Identified the +7 short sword "Giantbane" {elec, Str+4}
 87409 | Pan      | Reached skill level 26 in Ice Magic
 87492 | Pan      | Killed from afar by an ophan

Illustrated notes

Levels and vault maps discovered:
D:1:      evilmike_arrival_hilbert_curve, layout_basic, serial_shops,
          nicolae_square_shop
D:2:      layout_loops_ring, chequers_ecumenical_altar_twisty
D:3:      layout_rooms, chequers_temple_overflow_statue_of_worship,
          serial_rivers, chequers_serial_rivers_large_b,
          chequers_serial_rivers_large_a, chequers_serial_rivers_micro_c,
          chequers_serial_rivers_micro_e, chequers_serial_rivers_micro_e,
          serial_shops, nicolae_lakefront_shop, kennysheep_cluttered_room,
          chequers_serial_rivers_micro_c, uniq_terence
D:4:      layout_rooms, st_stairs_13, chequers_serial_rivers_small_a,
          lightli_corner_chamber
D:5:      layout_layer_cave, makhleb_blood_cavern_becter,
          minmay_temple_entry_stoned_glass, amcnicky_mini_pool_small,
          minmay_tree_intersection, grunt_ministairs_2
D:6:      minmay_cornered_nines, layout_loops_ring, uniq_eustachio,
          uniq_crazy_yiuf_cottage
D:7:      layout_cave_pods, mainiacjoe_overflow_small_starburst,
          yredelemnul_forgotten_temple_becter
D:8:      layout_cave_pools, serial_shops, nicolae_shop_tiny_real_fake_doors,
          nicolae_shop_overgrown_old_shop, shop, nicolae_shop_statue_plus, shop,
          uniq_erica, uniq_maggie
D:9:      layout_basic, nicolae_vehumet_altar_sigil,
          chequers_serial_rivers_small_b
D:10:     layout_basic, kennysheep_slug_shrine, nicolae_overflow_hidden_temple,
          minmay_lair_entry_grove, ploomutoo_gammafunk_ghost_potion_laboratory,
          uniq_amaemon, uniq_sonja
D:11:     layout_roguey, serial_shops, shop, shop, nicolae_stop_n_shop_1,
          nicolae_shop_gibbet_a_chance, shop_scrolls, st_stairs_2
D:12:     layout_irregular_city, kennysheep_orc_monster_closet_entryway
D:13:     minmay_spotlight, layout_loops_corners,
          portal_ice_cave_entry_ice_simulacra, uniq_jorgrun
D:14:     layout_roguey, david_vaults_1, serial_shops, shop, uniq_lodul
D:15:     grunt_enter_depths_giant_problem, layout_loops_corners, minivault_14
Lair:1:   layout_misc_corridors, lemuel_fruit_tree, infiniplex_staircase_pool_2
Lair:2:   layout_small_grid, minmay_snake_entry_six_corridors, uniq_nergalle
Lair:3:   layout_cave_pods, swamp_mist, serial_forest,
          infiniplex_forest_lined_2, infiniplex_forest_straight_3,
          infiniplex_forest_lined_3_way, infiniplex_forest_lined_corner,
          infiniplex_forest_clump_double
Lair:4:   layout_layer_cave
Lair:5:   minmay_lair_end_frog_pond, layout_misc_corridors,
          nicolae_slime_entry_slimehenge
Swamp:1:  layout_basic_swamp, serial_swamp_ruin, evilmike_swamp_ruin_rubble_2,
          evilmike_swamp_ruin_house_1, evilmike_swamp_ruin_house_6
Swamp:2:  layout_basic_swamp, evilmike_swamp_ruin_house_5, swamp_pool1,
          worms_lemuel
Swamp:3:  layout_basic_swamp, gammafunk_ghost_mausoleum,
          nicolae_swamp_some_circles
Swamp:4:  swamp_fiery, layout_basic_swamp, swamp_pool1
Snake:1:  layout_misc_corridors, special_room
Snake:2:  layout_cave_shapes
Snake:3:  layout_chambers, minmay_shop_star
Snake:4:  johnstein_snake_rune_scales, layout_grid_maze, basic_altar,
          serial_shops, shop, drop_trap, nicolae_letterblocks
          [nicolae_letter_subblock, nicolae_letter_subblock,
          nicolae_letter_subblock, nicolae_letter_subblock,
          nicolae_letter_subblock, nicolae_letter_subblock,
          nicolae_letter_subblock, nicolae_letter_subblock,
          nicolae_letter_subblock, nicolae_letter_subblock,
          nicolae_letter_subblock, nicolae_letter_subblock,
          nicolae_letter_subblock, nicolae_letter_subblock,
          nicolae_letter_subblock, nicolae_letter_subblock,
          nicolae_letter_subblock, nicolae_letter_subblock,
          nicolae_letter_subblock, nicolae_letter_subblock,
          nicolae_letter_subblock, nicolae_letter_subblock,
          nicolae_letter_subblock, nicolae_letter_subblock,
          nicolae_letter_subblock], uniq_aizul
Slime:1:  layout_caves, basic_altar
Slime:2:  layout_caves
Slime:3:  layout_caves, nicolae_slime_rock_hall_of_fame
Slime:4:  layout_caves, cheibrodos_slime_lost_civilization_4
Slime:5:  slime_pit_nicolae_inversion
Orc:1:    cheibrodos_orc_guarddog, layout_caves, gammafunk_ghost_stat_death,
          uniq_josephine
Orc:2:    st_orc_elflike, layout_caves
Elf:1:    layout_gridlike, serial_shops, shop, evilmike_minifort
Elf:2:    nicolae_elf_blades_splatter_lattice
          [nicolae_blade_entry_floor_patterns], layout_geoelf_octagon,
          basic_altar
Elf:3:    minmay_elf_hall_not_hex, layout_loops_corners,
          nicolae_twisty_statue_hallways, uniq_bai_suzhen
Vaults:1: portal_desolation_entry_garden, hangedman_vaults_locks,
          nicolae_vaults_diamond_1, gammafunk_sealed_arena, grunt_vaults_twisty,
          hangedman_vaults_capsules, hangedman_vaults_hat, v_misc_3, v_misc_10,
          nicolae_vaults_asterisk, ontoclasm_vaults_decontamination,
          nicolae_vaults_offset_grid_hallway_4, nicolae_vaults_house_1,
          layout_vaults_omnibox, nicolae_trove_entry_path_of_doom, serial_shops,
          nicolae_lakefront_shop
Vaults:2: infiniplex_enter_wizlab_glasses, nicolae_vaults_shipping_containers_4,
          v_misc_2, vaults_room_pool, v_pattern_3,
          nicolae_vaults_sealed_display, nicolae_vaults_storage_room_glass,
          nicolae_vaults_mini_display_case, v_misc_2, vaults_mumra_hexcomb,
          ontoclasm_vaults_idyll, nicolae_vaults_trapezoid_lopsided_1,
          layout_vaults_omnicross, serial_shops,
          nicolae_shop_tiny_statue_garden, uniq_asterion
Vaults:3: minmay_crypt_entry_simple_sparse, kb_rosetta, vaults_mumra_chevron,
          v_misc_4, layout_vaults_omnigrid
Vaults:4: vaults_dpeg_hooks, nicolae_vaults_shipping_containers_7,
          v_alt_pattern_3, nicolae_vaults_tetromino_Z_2, v_misc_3,
          nicolae_vaults_what_the_h, nicolae_vaults_tetromino_L_1, v_misc_5,
          ontoclasm_vaults_ligature, hangedman_vaults_river_flow,
          nicolae_vaults_cornered_office, ontoclasm_vaults_hangar,
          nicolae_vaults_network_s, nicolae_vaults_tetromino_Z_2,
          nicolae_vaults_house_3, layout_vaults_maze, serial_shops, shop,
          uniq_xtahua, uniq_jory
Depths:1: kennysheep_blocky_hall, layout_cave_pools, enter_ziggurat_f,
          minivault_14, special_room [special_room_mythical_zoo],
          pf_hell_entry_tar_river, kennysheep_four_rooms
Depths:2: minmay_the_grid_square_5x5_3x3
          [minmay_the_grid_square_5x5_three_small,
          minmay_the_grid_square_5x5_inverted_slash,
          minmay_the_grid_square_5x5_spiral,
          minmay_the_grid_square_5x5_tetrominoes,
          minmay_the_grid_square_5x5_megaprize_open,
          minmay_the_grid_square_5x5_sharp_hourglass,
          minmay_the_grid_square_5x5_one_wall,
          minmay_the_grid_square_5x5_shuriken, minmay_the_grid_square_5x5_plus],
          layout_basic, abyss_entry_crystal, lightli_too_deep,
          rand_demon_pan_entry_7, glass_columns_c,
          minmay_staircase_statues_hall_small
Depths:3: minmay_broken_ring, layout_cave_pools, kennysheep_big_empty_room,
          abyss_entry_small_statue_room, hangedman_coc_ice_floe,
          kennysheep_small_circle, uniq_margery
Depths:4: grunt_zot_entry_bicorn, layout_basic, grunt_decor_resistance,
          pan_entry, hell_entry, abyss_entry, grunt_ministairs_10,
          kennysheep_random_hallway, uniq_enchantress
Hell
Coc:1:    layout_cocytus_water_paths
Coc:2:    layout_cocytus_water_paths
Zot:1:    layout_cathedral_of_symmetry
Zot:2:    layout_basic
Zot:3:    layout_gridlike, uniq_vv, uniq_josephina
Zot:4:    gammafunk_its_a_trap, layout_onion_interference, st_stairs_5
Zot:5:    layout_onion
Pan:      rand_demon_1, layout_grid_shapes, evilmike_mini_pan_layers,
          layout_irregular_city, evilmike_holy_pan

Skill      XL: |  1  2  3  4  5  6  7  8  9 10 11 12 13 14 15 16 17 18 19 20 21 22 23 24 25 26 |
---------------+-------------------------------------------------------------------------------+-----
Maces & Flails | 2 3 10 11 12 13 14 15 16 | 16.0
Fighting       | 6 7 8 11 13 14 15 18 20 22 23 | 23.3
Ice Magic      | 5 7 8 11 12 14 15 16 17 19 22 24 25 26 | 26.0
Armour         | 2 4 6 7 9 10 11 13 15 | 15.0
Evocations     | 4 6 7 8 |  8.0
Spellcasting   | 5 6 8 9 10 12 13 14 | 14.0
Shields        | 3 6 7 |  7.2
Dodging        | 7 12 15 | 15.0
Stealth        | |  4.5

Action                     |  1- 3 |  4- 6 |  7- 9 | 10-12 | 13-15 | 16-18 | 19-21 | 22-24 | 25-27 || total
---------------------------+-------+-------+-------+-------+-------+-------+-------+-------+-------++-------
  Melee: Mace              |    34 |    50 |   169 |   330 |   148 |       |    16 |       |       ||   747
         Whip              |   155 |    82 |       |       |       |       |       |       |       ||   237
         Punch             |     1 |     1 |     5 |     1 |       |       |       |       |       ||     8
         Flail             |       |    27 |    23 |       |       |       |       |       |       ||    50
         Short sword       |       |     5 |    47 |       |     4 |       |       |       |       ||    56
         Morningstar       |       |       |    33 |   368 |  1028 |  1165 |   132 |       |       ||  2726
         Staff             |       |       |       |     4 |   400 |   611 |   228 |   224 |   106 ||  1573
         Demon whip        |       |       |       |       |       |       |   493 |   916 |   671 ||  2080
         Eveningstar       |       |       |       |       |       |       |    67 |    52 |     4 ||   123
  Throw: Boomerang         |       |    32 |    14 |    36 |    51 |    62 |    10 |    13 |     5 ||   223
         Dart              |       |       |       |     8 |       |       |       |       |     1 ||     9
         Throwing net      |       |       |       |       |     1 |       |       |       |       ||     1
   Cast: Ozocubu's Armour  |       |       |     1 |    28 |    83 |    40 |    29 |    18 |    10 ||   209
         Hailstorm         |       |       |       |    12 |   106 |    88 |    33 |    34 |     2 ||   275
         Frozen Ramparts   |       |       |       |    29 |    91 |    56 |    33 |    26 |     1 ||   236
         Summon Ice Beast  |       |       |       |     1 |    67 |    87 |    36 |    55 |    48 ||   294
         Metabolic Englaci |       |       |       |       |     1 |     9 |    28 |    30 |    13 ||    81
         Blink             |       |       |       |       |       |     8 |     4 |     5 |     4 ||    21
         Ozocubu's Refrige |       |       |       |       |       |    75 |   170 |   238 |   128 ||   611
         Simulacrum        |       |       |       |       |       |       |     2 |    20 |    44 ||    66
         Freezing Cloud    |       |       |       |       |       |       |       |    56 |    56 ||   112
         Polar Vortex      |       |       |       |       |       |       |       |     6 |    10 ||    16
         Wereblood         |       |       |       |       |       |       |       |     1 |       ||     1
Ability: Evoke Blink       |       |       |       |     2 |       |       |       |       |       ||     2
  Evoke: Wand              |       |       |     5 |     9 |    11 |     6 |     6 |     1 |       ||    38
         Phantom mirror    |       |       |     2 |     2 |       |       |       |       |       ||     4
         Condenser vane    |       |       |       |       |     1 |       |       |       |       ||     1
         Lightning rod     |       |       |       |       |       |       |     1 |     5 |       ||     6
    Use: Scroll            |     2 |       |     5 |    11 |    10 |     7 |     5 |     8 |     3 ||    51
         Potion            |     2 |     1 |     3 |     1 |       |     4 |     2 |     1 |       ||    14
   Stab: Sleeping          |     7 |       |       |     6 |    15 |    22 |    25 |     3 |     1 ||    79
         Fleeing           |       |       |     1 |       |       |       |       |       |       ||     1
         Distracted        |       |       |       |     1 |    10 |    16 |    19 |    35 |    32 ||   113
         Confused          |       |       |       |       |     1 |       |       |       |       ||     1
         Petrified         |       |       |       |       |       |       |     6 |       |       ||     6
         Petrifying        |       |       |       |       |       |       |     2 |       |       ||     2
 Armour: Leather armour    |    25 |       |       |       |    99 |       |       |       |       ||   124
         Chain mail        |    34 |    62 |   103 |       |       |       |       |       |       ||   199
         Ring mail         |       |       |    27 |   101 |       |       |       |       |       ||   128
         Plate armour      |       |       |     4 |       |       |       |       |       |       ||     4
         Swamp dragon scal |       |       |       |   126 |       |       |       |       |       ||   126
         Fire dragon scale |       |       |       |     1 |   399 |       |       |       |       ||   400
         Shadow dragon sca |       |       |       |       |   367 |  1175 |   399 |   676 |   344 ||  2961
  Dodge: Dodged            |   122 |    44 |   129 |   266 |   598 |   520 |   204 |   424 |   301 ||  2608
  Block: Other             |     8 |    26 |    67 |     3 |       |       |       |       |       ||   104
         Buckler           |       |       |       |   236 |   400 |   173 |   297 |   421 |   283 ||  1810
         Reflection        |       |       |       |     7 |       |    27 |    63 |    59 |    25 ||   181
         Kite shield       |       |       |       |       |       |   652 |       |       |       ||   652

Table legend: (Time is in decaauts)
 A = Elapsed time spent in this place.
 B = Non-inter-level travel time spent in this place.
 C = Inter-level travel time spent in this place.
 D = Time resting spent in this place.
 E = Time spent auto-exploring this place.
 F = Levels seen in this place.
 G = Mean time per level.
                   A        B        C        D        E       F      G
               +--------+--------+--------+--------+--------+-----+--------+
         Total |  85926 |  78739 |   7187 |  12868 |  39323 |  64 | 1342.6 |
       Dungeon |  23435 |  20893 |   2542 |   4870 |  10840 |  15 | 1562.3 |
          Lair |  10368 |   8974 |   1394 |   1744 |   5458 |   5 | 2073.6 |
         Swamp |   5145 |   4666 |    479 |    734 |   2101 |   4 | 1286.2 |
     Snake Pit |   6908 |   6450 |    458 |    894 |   2771 |   4 | 1727.0 |
    Slime Pits |   3181 |   2938 |    243 |     64 |   1687 |   5 |  636.2 |
  Orcish Mines |   2916 |   2486 |    430 |    437 |   1387 |   2 | 1458.0 |
   Elven Halls |   5389 |   5150 |    239 |    667 |   2362 |   3 | 1796.3 |
        Vaults |   6000 |   5528 |    472 |    351 |   3204 |   4 | 1500.0 |
        Depths |   6286 |   5662 |    624 |    987 |   2677 |   4 | 1571.5 |
          Hell |    512 |    484 |     28 |      0 |    264 |   1 |  512.0 |
       Cocytus |    305 |    285 |     20 |      0 |     62 |   2 |  152.5 |
           Zot |   5851 |   5597 |    254 |    691 |   2866 |   5 | 1170.2 |
         Abyss |    870 |    870 |      0 |    175 |     67 |   3 |  290.0 |
   Pandemonium |   4362 |   4362 |      0 |    558 |   1732 |   3 | 1454.0 |
         Trove |     54 |     54 |      0 |      0 |      0 |   1 |   54.0 |
      Ice Cave |   1171 |   1171 |      0 |     76 |    621 |   1 | 1171.0 |
        Wizlab |    871 |    871 |      0 |    178 |    379 |   1 |  871.0 |
    Desolation |   2294 |   2294 |      0 |    440 |    843 |   1 | 2294.0 |
               +--------+--------+--------+--------+--------+-----+--------+

Top non-repeatable levels by time:
  Lair:4: 3774 daAuts
    D:10: 3028 daAuts
     D:7: 2415 daAuts
Desolation: 2294 daAuts
   Elf:3: 2291 daAuts
  Lair:3: 2288 daAuts
 Snake:4: 2248 daAuts
 Snake:3: 2100 daAuts
Depths:4: 2059 daAuts
    D:12: 2007 daAuts
   Elf:2: 1883 daAuts
    D:11: 1861 daAuts
  Lair:2: 1723 daAuts
Depths:1: 1692 daAuts
     D:5: 1689 daAuts
